 Dungeon Crawl Stone Soup version 0.27.1 (webtiles) character file.

Game seed: 15202420219406153421

8 funkygono the Firebug (level 2, 0/15 HPs)
             Began as a Gargoyle Fire Elementalist on Aug 25, 2021.
             Slain by a jackal (2 damage)
             ... on level 1 of the Dungeon.
             The game lasted 00:01:05 (619 turns).

funkygono the Firebug (Gargoyle Fire Elementalist)   Turns: 619, Time: 00:01:06

Health: 0/15       AC:  4    Str: 11    XL:     2   Next: 8%
Magic:  0/5        EV: 12    Int: 15    God:
Gold:   19         SH:  0    Dex: 10    Spells: 4/5 levels left

rFire    . . .     SeeInvis .   (no weapon)
rCold    . . .     Faith    .   (no shield)
rNeg     + . .     Spirit   .   a - +0 robe
rPois    ∞         Reflect  .   (no helmet)
rElec    +         Harm     .   (no cloak)
rCorr    .         Rampage  .   (no gloves)
Will     .....                  (no boots)
Stlth    ++........             (no amulet)
HPRegen  0.05/turn              (no ring)
MPRegen  0.09/turn              (no ring)

@: no status effects
A: sickness immunity, AC +2, negative energy resistance 1, electricity
resistance, torment resistance 1, petrification resistance
a: no special abilities


You were on level 1 of the Dungeon.
You visited 1 branch of the dungeon, and saw 1 of its levels.

You collected 19 gold pieces.

Inventory:

Missiles
 b - 2 throwing nets
Armour
 a - a +0 robe (worn)
Scrolls
 c - a scroll of brand weapon {unknown}
 d - a scroll of immolation {unknown}
 e - a scroll of holy word {unknown}


   Skills:
 + Level 1.7 Dodging
 - Level 2.1 Stealth
 * Level 2.1 Spellcasting
 * Level 1.4 Conjurations
 * Level 3.2 Fire Magic


You had 4 spell levels left.
You knew the following spells:

 Your Spells              Type           Power      Damage    Failure   Level
a - Foxfire               Conj/Fire      32%        2x1d5     9%          1

Your spell library contained the following spells:

 Spells                   Type           Power      Damage    Failure   Level
 Conjure Flame            Conj/Fire      8%         6-21      26%         3
 Inner Flame              Hex/Fire       6%         N/A       34%         3
 Sticky Flame             Conj/Fire      8%         2d3       63%         4
 Fireball                 Conj/Fire      4%         3d4       93%         5


Dungeon Overview and Level Annotations

Branches:
Dungeon (1/15)

Altars:


Innate Abilities, Weirdness & Mutations

You are immune to sickness and miasma.
Your stone body is resilient. (AC +2)
You are immune to poison.
You resist negative energy. (rN+)
You are resistant to electric shocks. (rElec)
You are resistant to unholy torment.
You are immune to petrification.


Message History

The jackal bites you but does no damage.
A jackal comes into view.
The jackal bites you but does no damage.
There is an open door here.
The jackal bites you but does no damage.
Casting: Foxfire (safe; 9% risk of failure)
Confirm with . or Enter, or press ? or * to list all spells.
You conjure some foxfire!
The jackal barks!
The jackal bites you but does no damage. x2
The foxfire hits the jackal.
The jackal is severely wounded.
The foxfire hits the jackal but does no damage.
The jackal is severely wounded.
The jackal misses you.
The jackal bites you but does no damage.
The jackal misses you. The jackal bites you.
* * * LOW HITPOINT WARNING * * *
The jackal misses you.
You hit the jackal but do no damage. The jackal misses you.
The jackal barely misses you.
The jackal bites you but does no damage.
The jackal barely misses you.
You miss the jackal.
The jackal is heavily wounded.
The jackal closely misses you. The jackal misses you.
The jackal bites you but does no damage.
The jackal bites you.
* * * LOW HITPOINT WARNING * * *
Casting: Foxfire (safe; 9% risk of failure)
Confirm with . or Enter, or press ? or * to list all spells.
You conjure some foxfire!
The jackal misses you.
The foxfire hits the jackal.
The jackal is almost dead.
The jackal closely misses you.
The foxfire hits the jackal.
You kill the jackal!
The jackal bites you but does no damage.
The jackal bites you.
You die...

######....#.# #.## #..........
≈≈§≈≈##.#.#.# #..# #..........
○°○≈≈≈#.#.#.# ##.# #..........
°°≈#≈≈#.#.#.######.# #..........
○○○§≈≈#.###.##...#.####..........
≈°☼○≈≈#.##...'...'...............
#######.######...##.##...........
<....'..# #.h.##..#...........
#######.# #.h@###.#...÷.......
°○☼≈≈≈#.# #...# #.#...........
☼°○○≈≈#.# #...# #.............
○≈○#≈≈#.# #...# ##............
○°≈○≈≈#.# ##### #............
○°§☼≈##.# ##.#####.####
#######.######## #####..# #.#
####.^.........# #......## #.#
...............###.###...###.####


You could see 2 jackals.

Vanquished Creatures
  A hobgoblin (D:1)
  2 jackals (D:1)
  A ball python (D:1)
  2 bats (D:1)
  A frilled lizard (D:1)
  A rat (D:1)
8 creatures vanquished.

Vanquished Creatures (others)
  28 foxfires (D:1)
28 creatures vanquished.

Grand Total: 36 creatures vanquished

Notes
Turn   | Place    | Note
-------+----------+-------------------------------------------
     0 | D:1      | funkygono the Gargoyle Fire Elementalist began the quest
                  | for the Orb.
     0 | D:1      | Reached XP level 1. HP: 10/10 MP: 3/3
   190 | D:1      | Found a faded altar of an unknown god.
   572 | D:1      | Reached XP level 2. HP: 7/15 MP: 0/5
   619 | D:1      | Slain by a jackal

Illustrated notes

Levels and vault maps discovered:
D:1:      saegor_arrival_miasma, layout_basic,
          chequers_ecumenical_altar_simple_redux

Action                   || total
-------------------------++-------
Melee: Unarmed           ||     6
 Cast: Foxfire           ||    18
Armor: Robe              ||    32
Dodge: Dodged            ||    30
